 Dungeon Crawl Stone Soup version 0.29.1-15-g9cfb28693d (webtiles) character file.

Game seed: 16880975848960918916

61 jtron the Insei (level 3, -8/33 HPs)
             Began as a Draconian Monk on Mar 20, 2023.
             Killed from afar by Ijyb (9 damage)
             ... with a puff of flame
             ... on level 3 of the Dungeon.
             The game lasted 00:02:57 (2027 turns).

jtron the Insei (Draconian Monk)                    Turns: 2027, Time: 00:02:57

Health: -8/33      AC:  5    Str: 13    XL:     3   Next: 83%
Magic:  3/3        EV: 13    Int: 10    God:
Gold:   129        SH:  0    Dex: 15    Spells: 2/2 levels left

rFire   . . .      SeeInvis .     - Unarmed
rCold   . . .      Faith    .   (no shield)
rNeg    . . .      Spirit   .   (body armour unavailable)
rPois   .          Reflect  .   (helmet restricted)
rElec   .          Harm     .   (no cloak)
rCorr   .          Rampage  .   (no gloves)
Will    .....                   (no boots)
Stlth   ++........              (no amulet)
HPRegen 0.11/turn               (no ring)
MPRegen 0.08/turn               (no ring)

@: no status effects
A: AC +5, unfitting armour, cold-blooded
a: no special abilities


You were on level 3 of the Dungeon.
You visited 1 branch of the dungeon, and saw 3 of its levels.

You collected 129 gold pieces.

Inventory:

Missiles
 b - 30 stones (quivered)
 d - a throwing net
 i - 3 poisoned darts
Scrolls
 a - a scroll of vulnerability {unknown}
 e - a scroll of teleportation {unknown}
 j - a scroll of fear {unknown}
 n - a scroll of blinking {unknown}
 o - a scroll of magic mapping {unknown}
 p - a scroll of amnesia {unknown}
Potions
 f - a potion of ambrosia
 g - a potion of heal wounds {unknown}
 h - a potion of brilliance
 l - a potion of lignification
 m - a potion of invisibility {unknown}
 q - a potion of mutation {unknown}


   Skills:
 * Level 3.8 Fighting
 + Level 0.7 Throwing
 - Level 3.0 Dodging
 + Level 2.0 Stealth
 * Level 3.9 Unarmed Combat


You had 2 spell levels left.
You didn't know any spells.
Your spell library contained the following spells:

 Spells                   Type           Power      Damage    Failure   Level
 Sublimation of Blood     Necr           0%         N/A       50%         2
 Wereblood                Tmut           0%         N/A       50%         2
 Summon Hydra             Summ           0%         N/A       100%        7


Dungeon Overview and Level Annotations

Branches:
Dungeon (3/15)

Altars:

Annotations:
D:3 Ijyb


Innate Abilities, Weirdness & Mutations

Your plain brown scales are hard. (AC +5)
You cannot fit into any form of body armour.
You are cold-blooded and may be slowed by cold attacks.


Message History

You punch Ijyb!
Ijyb is moderately wounded.
Ijyb barely misses you. Ijyb hits you but does no damage.
You closely miss Ijyb.
Ijyb is moderately wounded.
Ijyb hits you with a +0 club.
You barely miss Ijyb.
Ijyb is moderately wounded.
Ijyb hits you but does no damage.
You hit Ijyb.
Ijyb is heavily wounded.
Ijyb hits you with a +0 club. Ijyb closely misses you.
You hit Ijyb but do no damage.
Ijyb is heavily wounded.
Ijyb closely misses you.
You hit Ijyb but do no damage.
Ijyb is heavily wounded.
Ijyb hits you with a +0 club.
You completely miss Ijyb.
Ijyb is heavily wounded.
Ijyb hits you with a +0 club. Ijyb barely misses you.
You are too injured to fight recklessly!
You hit Ijyb.
Ijyb is heavily wounded.
Ijyb hits you with a +0 club.
You barely miss Ijyb. You tail-slap Ijyb.
Ijyb is severely wounded.
Ijyb hits you but does no damage. Ijyb misses you.
You barely miss Ijyb.
Ijyb is severely wounded.
Ijyb hits you but does no damage.
You hit Ijyb but do no damage.
Ijyb is severely wounded.
Ijyb hits you with a +0 club.
You barely miss Ijyb.
Ijyb is severely wounded.
Ijyb zaps a wand.
The puff of flame hits you!
* * * LOW HITPOINT WARNING * * *
Ijyb zaps a wand.
The puff of flame hits you!
You die...

#.#.#####.#
#.#....# #
####.# #.#
#.# #.# #.#
#.# #@#
#....g.#
########


You could see Ijyb (fast).

Vanquished Creatures
  An adder (D:2)
  3 dart slugs
  3 ball pythons
  5 bats
  8 endoplasms
  A giant cockroach (D:2)
  2 goblins (D:1)
  4 hobgoblins
  3 jackals (D:1)
  A quokka (D:1)
  A frilled lizard (D:3)
  5 kobolds
  5 rats
42 creatures vanquished.

Notes
Turn   | Place    | Note
-------+----------+-------------------------------------------
     0 | D:1      | jtron the Draconian Monk began the quest for the Orb.
     0 | D:1      | Reached XP level 1. HP: 19/19 MP: 1/1
     7 | D:1      | Noticed a hog
     7 | D:1      | Noticed a rime drake
     7 | D:1      | Noticed a black mamba
     7 | D:1      | Noticed a scorpion
   138 | D:1      | Reached XP level 2. HP: 26/26 MP: 2/2
   738 | D:1      | Reached XP level 3. HP: 31/31 MP: 3/3
  1382 | D:2      | Found a faded altar of an unknown god.
  2011 | D:3      | Noticed Ijyb
  2027 | D:3      | HP: 1/33 [Ijyb/puff of flame (9)]
  2027 | D:3      | Killed from afar by Ijyb

Illustrated notes

Levels and vault maps discovered:
D:1:      onia_arrival_zoo_common, layout_loops_cross, grunt_decor_fettered
D:2:      layout_basic, dreamdust_ecumenical_altar_statues, minmay_heptomino_w4
D:3:      layout_basic, serial_shops, nicolae_shop_waterfront, uniq_ijyb

Skill      XL: |  1  2  3 |
---------------+----------+-----
Dodging        | 3 |  3.0
Stealth        | 2 |  2.0
Fighting       | |  3.8
Throwing       | |  0.7
Unarmed Combat | |  3.9

Action                   || total
-------------------------++-------
Melee: Unarmed           ||   145
       Tailslap          ||    17
       Punch             ||     2
Throw: Stone             ||     4
  Use: Potion            ||     2
       Scroll            ||     2
 Stab: Sleeping          ||     2
Armor: Skin              ||    46
Dodge: Dodged            ||    94
